 Dungeon Crawl Stone Soup version 0.28.0-45-g0d030f2227 (webtiles) character file.

Game seed: 16678241425590384808

37 pkoi the Conjurer (level 3, -6/26 HPs)
             Began as a Demigod Conjurer on Apr 6, 2022.
             Mangled by Sigmund
             ... wielding a +0 scythe
              (10 damage)
             ... on level 2 of the Dungeon.
             The game lasted 00:02:03 (2191 turns).

pkoi the Conjurer (Demigod Conjurer)                Turns: 2191, Time: 00:02:03

Health: -6/26      AC:  3    Str:  8    XL:     3   Next: 7%
Magic:  9/9        EV: 12    Int: 24    God:
Gold:   64         SH:  0    Dex: 12    Spells: 3/6 levels left

rFire   . . .      SeeInvis .   b - +0 trident
rCold   . . .      Faith    .   (no shield)
rNeg    . . .      Spirit   .   a - +0 robe
rPois   .          Reflect  .   (no helmet)
rElec   .          Harm     .   (no cloak)
rCorr   .          Rampage  .   c - +0 pair of gloves
Will    .....                   (no boots)
Stlth   ++........              (no amulet)
HPRegen 0.08/turn               (no ring)
MPRegen 0.11/turn               (no ring)

@: no status effects
A: high MP 1, forlorn, divine attributes
a: no special abilities


You were on level 2 of the Dungeon.
You visited 1 branch of the dungeon, and saw 2 of its levels.

You collected 64 gold pieces.

Inventory:

Hand Weapons
 b - a +0 trident (weapon)
 e - a +0 short sword
Armour
 a - a +0 robe (worn)
 c - a +0 pair of gloves (worn)
Scrolls
 f - 3 scrolls of holy word {unknown}
Potions
 d - a potion of curing {unknown}


   Skills:
 - Level 1.7 Dodging
 - Level 1.7 Stealth
 + Level 2.4 Spellcasting
 + Level 4.1 Conjurations
 + Level 0.3 Hexes
 + Level 0.4 Translocations


You had 3 spell levels left.
You knew the following spells:

 Your Spells              Type           Power      Damage    Failure   Level
a - Magic Dart            Conj           88%        1d7       2%          1
b - Searing Ray           Conj           44%        2d6       3%          2

Your spell library contained the following spells:

 Spells                   Type           Power      Damage    Failure   Level
 Dazzling Flash           Conj/Hex       26%        N/A       14%         3
 Sublimation of Blood     Necr           2%         N/A       17%         2
 Iskenderun's Mystic Bla  Conj/Tloc      13%        2d5       41%         4
 Fulminant Prism          Conj/Hex       6%         3d7       43%         4
 Petrify                  Tmut/Erth      2%         N/A       75%         4
 Irradiate                Conj/Tmut      6%         3d16      80%         5


Dungeon Overview and Level Annotations

Branches:
Dungeon (2/15)

Annotations:
D:2 Sigmund, Terence


Innate Abilities, Weirdness & Mutations

You have an increased reservoir of magic. (+10% MP)
You shall have no god before yourself.
Your divine heritage dramatically boosts your attributes as you level up.


Message History

The magic dart hits the giant cockroach.
The giant cockroach is almost dead.
The magic dart hits the giant cockroach.
You kill the giant cockroach!
You can't see any susceptible monsters within range! (Use Z to cast anyway.)
You start resting.
Magic restored.
Found an escape hatch in the ceiling.
Sigmund is nearby!
A rat comes into view.
Sigmund points at you and mumbles some strange words.
The magic dart hits you.
* * * LOW HITPOINT WARNING * * *
You see here 3 scrolls labelled KELOUNAPTUI.
f - 3 scrolls labelled KELOUNAPTUI Sigmund screams, "Only death can liberate you!"
Found 9 gold pieces.
Sigmund gestures at you while chanting.
You are confused.
Sigmund drinks a potion.
Sigmund seems to speed up.
Sigmund barely misses you. The rat barely misses you. Sigmund misses you.
You bump into the rock wall.
You feel less confused. Sigmund barely misses you.
The rat bites you but does no damage.
Sigmund gestures wildly while chanting.
Sigmund flickers and vanishes!
Deactivating autopickup; reactivate with Ctrl-A.
The rat closely misses you. Something barely misses you. Something hits you!
* * * LOW HITPOINT WARNING * * *
The rat bites you.
* * * LOW HITPOINT WARNING * * *
A puff of flame appears from out of thin air!
The puff of flame hits you.
* * * LOW HITPOINT WARNING * * *
There is an escape hatch in the ceiling here.
Something hits you!
You die...

#. #§§§# #.#### #....#. ##..
#☼°.# #....# #....#. .... #§°☼#
#....####....#. .....
#...#####....'.##....#@
.....#####............#.##....##
.............######'###.#######
.............# #.# #.#
.............######.# #.#
#####.......†.r@..#.# #.#
###.....##......#.# #.#
#...............#.# #.#
#...............#.# #.#
#...###.........+.# #.#
#...###.........# #.#### ##
#...'........$..# #....# #.
#...##.#.......## ####.# #.
#<..# # # #.# #.


You could see a rat.

Vanquished Creatures
  A worm (D:2)
  An orc (D:2)
  A ball python (D:1)
  2 endoplasms (D:1)
  2 giant cockroaches
  A goblin (D:1)
  2 hobgoblins
  10 jackals
  A kobold (D:2)
  2 quokkas
  2 bats (D:1)
  A frilled lizard (D:2)
26 creatures vanquished.

Notes
Turn   | Place    | Note
-------+----------+-------------------------------------------
     0 | D:1      | pkoi the Demigod Conjurer began the quest for the Orb.
     0 | D:1      | Reached XP level 1. HP: 14/14 MP: 5/5
   382 | D:1      | Reached XP level 2. HP: 20/20 MP: 0/7
   775 | D:1      | Reached skill level 4 in Conjurations
  1051 | D:1      | Learned a level 2 spell: Searing Ray
  1324 | D:2      | Noticed Sigmund
  1866 | D:2      | Reached XP level 3. HP: 25/26 MP: 2/9
  2004 | D:2      | Noticed Terence
  2191 | D:2      | Mangled by Sigmund

Illustrated notes

Levels and vault maps discovered:
D:1:      dpeg_arrival_oval, layout_loops_ring
D:2:      layout_basic, basic_ecumenical_altar, lemuel_flame_loot_1,
          uniq_terence, uniq_sigmund

Skill      XL: |  1  2 |
---------------+-------+-----
Spellcasting   | 2 |  2.4
Conjurations   | 4 |  4.1
Dodging        | |  1.7
Stealth        | |  1.7
Hexes          | |  0.3
Translocations | |  0.4

Action                   || total
-------------------------++-------
Melee: Trident           ||    45
       Punch             ||     3
 Cast: Magic Dart        ||    54
Armor: Robe              ||    16
Dodge: Dodged            ||    46
